 Dungeon Crawl Stone Soup version 0.29-a0-338-g1ff7896281 (webtiles) character file.

Game seed: 12881230130867287914

983 spaghetti the Protected (level 7, 0/52 (61) HPs)
             Began as a Deep Dwarf Chaos Knight on Apr 18, 2022.
             Was a Plaything of Xom.
             Succumbed to an adder's poison
             ... on level 5 of the Dungeon.
             The game lasted 00:09:06 (3652 turns).

spaghetti the Protected (Deep Dwarf Chaos Knight)   Turns: 3652, Time: 00:09:07

HP:   0/52 (61)     AC:  7    Str: 19    XL:     7   Next: 96%
MP:   5/5           EV: 11    Int: 13    God:    Xom [.*....]
Gold: 171           SH:  0    Dex: 14    Spells: 6/6 levels left

rFire   + + .      SeeInvis .   t - +0 hand axe (vamp) {axe}
rCold   + . .      Faith    .   (no shield)
rNeg    . . .      Spirit   .   b - +2 leather armour
rPois   .          Reflect  .   (no helmet)
rElec   .          Harm     .   p - scarf {rC+ rF+}
rCorr   .          Rampage  .   (no gloves)
Will    ++...                   q - +0 pair of boots
Stlth   +.........              (no amulet)
HPRegen 0.00/turn               o - ring of willpower
MPRegen 0.09/turn               (no ring)

@: lethally poisoned (0 -> -1), hasted, heavily drained, very quick
A: damage resistance, heal wounds, sense surroundings 1, no regeneration, claws
1, talons 1, agile 1, fire resistance 1, strong 1
a: Heal Wounds, Renounce Religion


You were on level 5 of the Dungeon.
You worshipped Xom.
You were a plaything of Xom.
You visited 1 branch of the dungeon, and saw 5 of its levels.

You collected 171 gold pieces.


Innate Abilities, Weirdness & Mutations

You are resistant to damage.
You can heal yourself by infusing magical energy.
You passively map a small area around you.
You do not regenerate.
You have sharp fingernails.
You have sharp toenails.
You are agile. (Dex +2)
Your flesh is heat resistant. (rF+)
Your muscles are strong. (Str +2)


   Skills:
 - Level 2.6 Fighting
 + Level 5.6 Axes
 * Level 9.2 Armour
 - Level 1.1 Dodging


You had 6 spell levels left.
You didn't know any spells.
Your spell library contained the following spells:

 Spells                   Type           Power      Damage    Failure   Level
 Animate Skeleton         Necr           0%         N/A       34%         1
 Apportation              Tloc           0%         N/A       34%         1
 Pain                     Necr           0%         1d4       34%         1
 Summon Small Mammal      Summ           0%         N/A       34%         1
 Vampiric Draining        Necr           0%         2d6       71%         3

Inventory:

Hand Weapons
 a - a +0 hand axe of chaos {axe}
 t - a +0 vampiric hand axe (weapon) {axe}
   (You found it on level 4 of the Dungeon)
Missiles
 d - 129 stones (quivered) {throwing}
 i - a throwing net {=f!fthrowing}
 s - 11 poisoned darts {throwing}
Armour
 b - a +2 leather armour (worn)
 n - a scarf of repulsion
   (You found it on level 1 of the Dungeon)
 p - a scarf of resistance (worn)
   (You found it on level 3 of the Dungeon)
 q - a +0 pair of boots (worn)
   (You found it on level 3 of the Dungeon)
Jewellery
 o - a ring of willpower (left claw)
   (You found it on level 2 of the Dungeon)
 u - a ring of ice
   (You found it on level 4 of the Dungeon)
Scrolls
 g - 5 scrolls of identify {unknown}
 j - a scroll of noise {unknown}
 k - 2 scrolls of silence {unknown}
 l - a scroll of magic mapping {unknown}
 m - 2 scrolls of enchant weapon {unknown}
 v - a scroll of blinking {unknown}
 x - a scroll of teleportation {unknown}
Potions
 f - a potion of attraction {!q}
 h - 2 potions of might
Miscellaneous
 c - a piece from Xom's chessboard (15/15)

Dungeon Overview and Level Annotations

Branches:
Dungeon (5/15)
 Temple: D:4-7

Altars:

### * #. . ,
..# , #. .,
..# , +.#.
..# , ,#..#
..# # #..# ,
, ..#
#..##..#, ,,
, ..#
####.....S#*
* ..#
#....####S#
..######.#
#@#
##.......#
#.#
#.#####.#####
#.#
#.#.........#
#.#
#)......###.#
#.#
#########...#
#.# #.#####.#
#....##.#
####.##.#


You could see a water moccasin (resistant) and an adder.


Message History

The helpless water moccasin fails to defend itself.
You hit the water moccasin but do no damage.
You hit the orc. The orc hits you but does no damage.
The helpless water moccasin fails to defend itself.
You hit the water moccasin.
You kill the water moccasin!
You hit the orc but do no damage. The orc hits you with a +0 dagger.
You closely miss the orc. The orc hits you with a +0 dagger.
You hit the orc but do no damage. The orc hits you but does no damage.
You hit the orc.
You kill the orc!
You cannot move.
You cannot move.
You start waiting.
Your transformation is almost over.
You feel less wooden.
Your scarf of resistance unmelds from your body.
Your +0 pair of boots unmelds from your body.
Your +2 leather armour unmelds from your body.
You feel resistant to extremes of temperature. 😨 HP[-13]
You now have 61 max hp (-30).
Unknown command.
Unknown command.
Unknown command.
Unknown command.
You see here a +0 whip {mace}.
There is an open door, spattered with blood here.
Things that are here:
a +0 dagger {short}; a +0 leather armour; an orc corpse
Things that are here:
a +3 dagger {short}; a +0 robe; an orc corpse You hear Xom's maniacal laughter.
You feel drained.
You now have 52 max hp (-9).
Unknown command.
You see here a water moccasin corpse.
Things that are here:
a +3 dagger {short}; a +0 robe; an orc corpse Key pressed, stopping explore.
You are now a plaything of Xom.
Unknown command.
You see here a +0 flail {mace}.
h - 2 potions of might (gained 1)
You see here a +0 hunting sling {sling}.
You pick up a book of Necromancy and begin reading...
You add the spells Pain and Vampiric Draining to your library.
A water moccasin comes into view.
A water moccasin is nearby!
A water moccasin is nearby!
A water moccasin is nearby!
A water moccasin is nearby!
A water moccasin is nearby!
A water moccasin is nearby!
A water moccasin is nearby!
You are too injured to fight recklessly!
The water moccasin hisses angrily.
An adder comes into view.
The water moccasin bites you.
* * * LOW HITPOINT WARNING * * *
😨 HP[-1]
You take 1 damage, and now have 25/52 hp.
You barely miss the water moccasin. "This might be better!"
The water moccasin suddenly seems more resistant.
The water moccasin bites you.
You are poisoned.
The water moccasin poisons you! The adder bites you.
The water moccasin closely misses you.
Unknown command.
Unknown command.
You hit the water moccasin but do no damage.
You barely miss the adder. The water moccasin bites you.
* * * LOW HITPOINT WARNING * * *
You are more poisoned.
The water moccasin poisons you! The adder bites you.
* * * LOW HITPOINT WARNING * * *
You are more poisoned.
The adder poisons you! 😨 HP[-4]
You take 4 damage, and now have 21/52 hp.
Unknown command.
Unknown command.
The adder attacks as you move away! The adder bites you but does no damage.
* * * LOW HITPOINT WARNING * * *
You feel extremely sick. 😱 HP[-8]
You take 8 damage, and now have 13/52 hp.
* * * LOW HITPOINT WARNING * * *
You feel extremely sick. Xom grants you a minor favour.
You feel yourself speed up. The water moccasin bites you!
* * * LOW HITPOINT WARNING * * *
😱 HP[-12]
You take 12 damage, and now have 1/52 hp.
MASSIVE DAMAGE!! (PAUSE)
Okay, then.
You fail to use your ability.
You die...
Xom giggles madly!

Skill      XL: |  1  2  3  4  5  6  7 |
---------------+----------------------+-----
Armour         | 3 4 5 7 8 9 |  9.2
Axes           | 4 5 |  5.6
Fighting       | |  2.6
Dodging        | |  1.1

Action                   |  1- 3 |  4- 6 |  7- 9 || total
-------------------------+-------+-------+-------++-------
Melee: Hand axe          |    96 |   180 |   130 ||   406
       Punch             |     1 |     1 |       ||     2
Throw: Stone             |       |     1 |     1 ||     2
 Abil: Heal Wounds       |       |     3 |     1 ||     4
  Use: Potion            |       |     7 |     5 ||    12
 Stab: Petrified         |     3 |       |       ||     3
       Sleeping          |     1 |       |       ||     1
       Confused          |       |     3 |       ||     3
       Paralysed         |       |       |     4 ||     4
Armor: Leather armour    |    41 |    87 |    43 ||   171
       Skin              |       |     2 |     3 ||     5
Dodge: Dodged            |    50 |   105 |    79 ||   234

Levels and vault maps discovered:
D:1:      dpeg_arrival_round_b, layout_basic
D:2:      layout_loops_ring, basic_ecumenical_altar
D:3:      layout_basic
D:4:      layout_loops_ring, chequers_serial_rivers_room_b,
          hangedman_decor_push, grunt_ministairs_5, supply_closet_lemuel,
          grunt_decor_arrowhead, uniq_edmund
D:5:      layout_basic, kennysheep_generic_room_4, uniq_grinder, uniq_sigmund

Notes
Turn   | Place    | Note
-------+----------+-------------------------------------------
     0 | D:1      | spaghetti the Deep Dwarf Chaos Knight began the quest for
                  | the Orb.
     0 | D:1      | Reached XP level 1. HP: 20/20 MP: 1/1
     0 | D:1      | magus.rc [v1.9.6]
   106 | D:1      | XOM: divination: detect items
   112 | D:1      | Reached skill level 3 in Armour
   204 | D:1      | Reached XP level 2. HP: 25/27 MP: 2/2
   375 | D:1      | XOM: silly message
   625 | D:1      | You fall into a shaft and drop 1 floor!
   730 | D:2      | Reached skill level 4 in Armour
   730 | D:2      | Reached XP level 3. HP: 25/33 MP: 3/3
   807 | D:2      | Found a faded altar of an unknown god.
   919 | D:2      | XOM: silly message
   993 | D:2      | Reached XP level 4. HP: 20/40 MP: 4/4
  1356 | D:2      | XOM: silly message
  1500 | D:3      | XOM: confuse monster(s)
  1509 | D:3      | Reached skill level 5 in Armour
  1582 | D:3      | Reached XP level 5. HP: 13/46 MP: 5/5
  1602 | D:3      | Reached skill level 6 in Armour
  2197 | D:4      | XOM: divination: magic mapping
  2203 | D:4      | Reached skill level 7 in Armour
  2203 | D:4      | Reached XP level 6. HP: 34/55 MP: 6/6
  2282 | D:4      | HP: 8/55 [ogre/+0 giant club (25)]
  2324 | D:4      | Reached skill level 8 in Armour
  2328 | D:4      | You pick up a book of Cantrips and begin reading...
  2328 | D:4      | You add the spells Animate Skeleton, Summon Small Mammal
                  | and Apportation to your library.
  2499 | D:4      | XOM: cast spell 'Disjunction'
  2507 | D:4      | XOM: fog
  2598 | D:4      | Noticed Edmund
  2598 | D:4      | XOM: 4-stop teleportation journey
  2599 | D:4      | XOM: swap monsters
  2602 | D:4      | XOM: enchant monster (bad)
  2640 | D:4      | HP: 7/55 [Edmund/+4 flail of protection (11)]
  2643 | D:4      | Killed Edmund
  2644 | D:4      | Reached skill level 4 in Axes
  2644 | D:4      | Reached XP level 7. HP: 30/61 MP: 5/5
  2918 | D:4      | XOM: give mutations
  2918 | D:4      | Gained mutation: You are agile. (Dex +2) [Xom's grace]
  2918 | D:4      | Gained mutation: You passively map the area around you.
                  | [Xom's grace]
  2918 | D:4      | Gained mutation: Your mind is acute. (Int +2) [Xom's grace]
  3028 | D:4      | XOM: give mutations
  3028 | D:4      | Gained mutation: Your flesh is heat resistant. (rF+) [Xom's
                  | grace]
  3028 | D:4      | Gained mutation: You have sharp fingernails. [Xom's grace]
  3117 | D:5      | Entered Level 5 of the Dungeon
  3164 | D:4      | HP: 14/61 [gnoll/+0 whip (4)]
  3183 | D:4      | HP: 13/61 [gnoll shaman/+0 club (5)]
  3207 | D:5      | Lost mutation: You passively map the area around you.
                  | [potion of mutation]
  3207 | D:5      | Lost mutation: Your mind is acute. (Int +2) [potion of
                  | mutation]
  3207 | D:5      | Gained mutation: Your muscles are strong. (Str +2) [potion
                  | of mutation]
  3207 | D:5      | Gained mutation: You have sharp toenails. [potion of
                  | mutation]
  3255 | D:5      | XOM: scenery: 1 doors close
  3370 | D:5      | XOM: scenery: 1 doors close
  3386 | D:5      | Reached skill level 5 in Axes
  3403 | D:5      | XOM: summons 7 friendly demons
  3459 | D:5      | Reached skill level 9 in Armour
  3462 | D:5      | XOM: enchant monster (good)
  3575 | D:5      | XOM: draining
  3618 | D:5      | You pick up a book of Necromancy and begin reading...
  3618 | D:5      | You add the spells Pain and Vampiric Draining to your
                  | library.
  3648 | D:5      | XOM: enchant monster (bad)
  3650 | D:5      | HP: 13/52 [poisoned by an adder]
  3651 | D:5      | HP: 6/52 [poisoned by an adder]
  3651 | D:5      | XOM: potion effect (haste)
  3651 | D:5      | HP: 1/52 [water moccasin (5)]
  3652 | D:5      | Succumbed to an adder's poison

Vanquished Creatures
  Edmund (D:4)
  A water moccasin (D:5)
  An ogre (D:4)
  3 scorpions
  A gnoll shaman (D:4)
  2 hounds
  2 orc wizards
  5 gnolls
  11 adders
  2 worms
  3 dart slugs
  7 orcs
  2 ball pythons
  13 endoplasms
  6 giant cockroaches
  8 goblins
  7 hobgoblins
  4 jackals (D:3)
  9 kobolds
  3 quokkas
  3 bats
  A frilled lizard (D:3)
  2 rats
97 creatures vanquished.

Vanquished Creatures (collateral kills)
  An ice beast (D:5)
  An orc wizard (D:3)
  3 orcs (D:3)
5 creatures vanquished.

Grand Total: 102 creatures vanquished

Table legend:
 A = Non-vault XP
 B = Vault XP
 C = Vault XP percentage of total XP
 D = Non-vault monster count
 E = Vault monster count
 F = Vault count percentage of total count
                 A         B        C        D         E       F
            +---------+---------+-------+---------+---------+-------
      Total |     998 |     407 |  29.0 |      97 |       5 |   4.9
            +---------+---------+-------+---------+---------+-------
        D:1 |      20 |       0 |   0.0 |      12 |       0 |   0.0
        D:2 |      87 |       0 |   0.0 |      23 |       0 |   0.0
        D:3 |     195 |       0 |   0.0 |      27 |       0 |   0.0
        D:4 |     367 |     262 |  41.7 |      25 |       3 |  10.7
        D:5 |     329 |     145 |  30.6 |      10 |       2 |  16.7
            +---------+---------+-------+---------+---------+-------

Illustrated notes

Table legend:
 A = Kills in this place as a percentage of kills in entire the game.
 B = Kills by you in this place as a percentage of kills by you in the entire game.
 C = Kills by friends in this place as a percentage of kills by friends in the entire game.
 D = Other kills in this place as a percentage of other kills in the entire game.
 E = Experience gained in this place as a percentage of experience gained in the entire game.
 F = Experience gained in this place divided by the number of levels of this place that you have seen.
                   A       B       C       D       E      F
               +-------+-------+-------+-------+-------+----------------------
         Total | 100.0 | 100.0 | 100.0 |   N/A | 100.0 | 281.0
       Dungeon | 100.0 | 100.0 | 100.0 |   N/A | 100.0 | 281.0
               +-------+-------+-------+-------+-------+----------------------

Table legend: (Time is in decaauts)
 A = Elapsed time spent in this place.
 B = Non-inter-level travel time spent in this place.
 C = Inter-level travel time spent in this place.
 D = Time resting spent in this place.
 E = Time spent auto-exploring this place.
 F = Levels seen in this place.
 G = Mean time per level.
                   A        B        C        D        E       F      G
               +--------+--------+--------+--------+--------+-----+--------+
         Total |   3682 |   3492 |    190 |    216 |   2302 |   5 |  736.4 |
       Dungeon |   3682 |   3492 |    190 |    216 |   2302 |   5 |  736.4 |
               +--------+--------+--------+--------+--------+-----+--------+

Top non-repeatable levels by time:
     D:4: 1007 daAuts
     D:1: 736 daAuts
     D:2: 732 daAuts
     D:3: 729 daAuts
     D:5: 475 daAuts
